Map: Old Republic LE

Players

Killa

  • Race: Protoss Protoss
  • Spawn Location: 1:00

A.I. 2 (Very Easy) - Winner!

  • Race: Zerg Zerg
  • Spawn Location: 7:00

VOD

Have the link to the VOD?

Description

Time

  • Played on: March 8, 2026, 10:53 a.m.
  • Length: 14:33
Show
View Real Time Build Order
Export as new Build Order

Killa Protoss 

Build Orders: 1 Gate Expand, Oracle Opening, Archon Immortal 

Get SALT Encoding   

  12  0:00  Probe  
  13  0:12  Probe  
  14  0:19  Pylon  
  14  0:24  Probe  
  15  0:34  Probe  
  15  0:38  Gateway  
  16  0:43  Probe, Assimilator  
  17  0:53  Probe  
  18  1:05  Probe  
  19  1:17  Probe  
  20  1:24  Nexus  
  20  1:34  Cybernetics Core  
  20  1:37  Probe  
  21  1:47  Assimilator  
  21  1:50  Pylon  
  21  1:52  Probe  
  22  2:05  Probe  
  23  2:11  Adept  
  23  2:13  Stargate  
  23  2:17  Probe  
  26  2:25  Warp Gate  
  26  2:26  Probe  
  27  2:34  Probe  
  27  2:36  Probe  
  28  2:43  Probe  
  29  2:45  Adept  
  29  2:47  Oracle  
  29  2:48  Probe  
  33  2:55  Probe  
  37  3:00  Probe  
  38  3:07  Probe  
  38  3:08  Gateway  
  40  3:12  Probe  
  40  3:18  Adept  
  40  3:19  Probe  
  43  3:21  Pylon  
  43  3:24  Probe  
  44  3:34  Probe  
  44  3:39  Oracle  
  44  3:41  Probe  
  49  3:46  Probe  
  50  3:50  Nexus  
  50  3:53  Pylon  
  50  3:54  Probe  
  51  3:59  Probe  
  52  4:05  Twilight Council  
  52  4:07  Forge  
  52  4:08  Probe  
  53  4:12  Probe  
  54  4:17  Assimilator  
  54  4:21  Probe  
  54  4:22  Assimilator  
  55  4:25  Probe  
  56  4:33  Probe  
  56  4:35  Protoss Ground Weapons Level 1  
  56  4:37  Probe  
  58  4:43  Probe  
  58  4:45  Charge  
  59  4:46  Probe  
  59  4:49  Robotics Facility  
  59  4:51  Probe  
  60  4:54  Shield Battery, Probe  
  60  4:59  Probe  
  62  5:00  Gateway  
  62  5:01  Gateway  
  62  5:03  Probe  
  62  5:04  Gateway  
  62  5:06  Gateway  
  63  5:07  Probe  
  63  5:08  Probe  
  63  5:11  Probe  
  66  5:17  Gateway  
  66  5:21  Gateway  
  67  5:25  Probe x2  
  67  5:26  Templar Archives  
  69  5:30  Immortal, Probe  
  69  5:35  Pylon  
  70  5:37  Probe x2  
  76  5:44  Probe  
  76  5:45  Assimilator  
  77  5:50  Assimilator  
  77  5:51  Pylon  
  77  5:53  Probe  
  78  5:57  Gateway  
  78  5:58  Gateway, Probe  
  78  5:59  Probe  
  78  6:02  Immortal  
  78  6:03  Pylon  
  78  6:04  Pylon  
  80  6:05  Probe  
  80  6:10  Probe  
  82  6:18  Robotics Facility  
  86  6:25  Protoss Ground Weapons Level 2  
  86  6:28  High Templar x4  
  86  6:30  Zealot x4  
  102  6:34  Immortal  
  102  6:35  Pylon  
  102  6:36  Pylon  
  102  6:43  Pylon  
  106  6:57  Pylon  
  106  6:59  Pylon  
  106  7:06  Immortal  
  106  7:08  High Templar x2  
  108  7:09  Zealot x8  
  108  7:14  Observer  
  131  7:31  Warp Prism  
  131  7:32  Pylon  
  131  7:33  Pylon  
  133  7:50  High Templar x3  
  133  7:51  High Templar, Zealot x6  
  141  7:55  Archon x2  
  153  8:01  Immortal  
  153  8:05  Pylon  
  157  8:06  Pylon  
  157  8:08  Pylon  
  157  8:18  Immortal  
  157  8:26  Nexus, Pylon  
  161  8:40  Immortal  
  165  8:53  Zealot x7  
  165  8:54  Zealot x3, Immortal  
  185  8:56  Psionic Storm  
  187  9:34  Stargate  
  187  9:35  Stargate  
  187  9:37  Fleet Beacon, Protoss Ground Weapons Level 3  
  187  9:48  Protoss Air Weapons Level 1  
  187  9:52  Shield Battery  
  187  9:54  Photon Cannon x2  
  187  9:56  Shield Battery  
  187  9:57  Photon Cannon  
  187  9:58  Photon Cannon  
  187  9:59  Photon Cannon  
  187  10:00  Photon Cannon  
  187  10:01  Assimilator  
  187  10:03  Photon Cannon  
  187  10:05  Photon Cannon, Assimilator  
  187  10:07  Pylon  
  187  10:10  Tempest x3  
  195  10:53  Tempest  
  199  11:20  Tempest x2  
  181  11:35  Tempest  
  195  12:33  Carrier x3  
  177  13:28  High Templar x6  
  177  13:29  High Templar x4  
  177  13:32  Archon x4  
  177  13:33  Archon  
Show
View Real Time Build Order
Export as new Build Order

A.I. 2 (Very Easy) Zerg - Winner!

Build Orders: Pool First 

Get SALT Encoding   

  12  0:01  Drone  
  13  0:12  Overlord  
  13  0:16  Drone  
  14  0:34  Spawning Pool  
  13  0:36  Drone  
  13  0:41  Extractor  
  13  0:44  Drone  
  14  0:51  Overlord  
  14  1:21  Zergling x2  
  14  1:22  Queen  
  17  1:30  Roach Warren  
  16  1:33  Drone  
  16  1:37  Extractor  
  16  1:41  Drone  
  17  1:48  Zergling x2  
  18  1:59  Drone  
  19  2:07  Drone  
  20  2:14  Zergling x2  
  21  2:16  Drone  
  22  2:26  Overlord  
  22  2:29  Drone  
  23  2:36  Drone  
  24  2:41  Roach  
  24  2:43  Drone  
  27  4:30  Zergling x2  
  27  7:09  Drone  
  27  7:10  Lair  
  28  7:17  Drone  
  28  7:18  Hatchery  
  28  7:24  Drone  
  29  7:32  Drone  
  30  7:49  Zergling x2  
  26  8:07  Overseer  
  26  8:08  Overseer  
  26  8:28  Roach  
  26  8:30  Drone  
  29  8:37  Drone  
  29  8:40  Extractor  
  29  8:44  Drone  
  29  8:45  Extractor  
  29  8:51  Drone  
  30  8:57  Zergling x2  
  30  8:58  Drone  
  30  8:59  Queen  
  29  9:03  Overlord  
  29  9:06  Drone  
  25  9:13  Drone  
  24  9:20  Drone  
  24  9:26  Zergling x2  
  24  9:27  Roach Warren, Drone  
  25  9:35  Drone  
  15  9:41  Queen  
  15  9:42  Drone  
  14  9:49  Drone  
  14  9:54  Zergling x2  
  14  9:56  Drone  
  15  10:04  Drone  
  15  10:11  Drone  
  14  10:18  Drone  
  14  10:23  Zergling x2  
  14  10:25  Drone  
  15  10:32  Drone  
  15  10:33  Queen  
  15  10:40  Drone  
  16  10:47  Drone  
  16  10:52  Zergling x2  
  16  10:54  Drone  
  18  11:04  Hatchery  
  17  11:12  Drone  
  18  11:20  Roach  
  20  11:33  Drone  
  21  11:44  Drone  
  22  11:49  Zergling x2  
  22  11:51  Drone  
  24  11:58  Drone  
  25  12:05  Drone  
  26  12:13  Drone  
  27  12:18  Roach, Pneumatized Carapace, Lair  
  27  12:21  Drone  
  29  12:28  Drone  
  29  12:38  Drone  
  30  12:45  Drone  
  30  12:46  Zergling x2  
  32  12:52  Drone  
  33  12:59  Drone  
  33  13:01  Overlord  
  34  13:06  Drone  
  35  13:15  Roach  
  35  13:17  Overseer  
  37  13:20  Drone, Overlord  
  38  13:27  Overseer  
  38  13:28  Drone  
  37  13:35  Drone  
  38  13:42  Drone  
  38  13:44  Zergling x2  
  40  13:50  Drone  
  41  13:57  Drone  
  41  14:00  Overseer  
  42  14:03  Overlord  
  42  14:04  Drone  
  43  14:12  Roach  
  45  14:21  Drone  
Tags
 
Add a new tag
Caveats
  • Supply blocks, unpowered buildings, or Contaminate may cause inaccurate times.
  • Supply counts are checked every 10 seconds.